 Dungeon Crawl Stone Soup version 0.24.0-123-gd5b16e6ec5 (webtiles) character file.

Game seed: 9896752885103979233, levelgen mode: deterministic

42841 FishyPogo the Fighter (level 13, -2/119 HPs)
             Began as a Red Draconian Wanderer on Dec 26, 2019.
             Was the Champion of Jiyva.
             Slain by a spiny frog (4 damage)
             ... on level 6 of the Lair of Beasts.
             The game lasted 01:43:50 (17656 turns).

FishyPogo the Fighter (Red Draconian Wanderer)     Turns: 17656, Time: 01:43:52

Health: -2/119     AC:  9    Str:  8    XL:     13   Next: 17%
Magic:  8/21       EV: 27    Int: 17    God:    Jiyva [******]
Gold:   821        SH:  0    Dex: 22    Spells: 18/26 levels left

rFire    + . .     SeeInvis .   w - +5 dagger (pain)
rCold    . . .     Gourm    .   (no shield)
rNeg     . . .     Faith    +   (armour unavailable)
rPois    .         Spirit   .   J - +1 hat
rElec    .         Reflect  .   (no cloak)
rCorr    +         Harm     .   (no gloves)
MR       .....                  (no boots)
Stlth    ++........             g - amulet of faith (curse)
HPRegen  0.29/turn              C - +5 ring of evasion
MPRegen  0.17/turn              P - +4 ring of intelligence

@: lethally poisoned (-2 -> -9), short of breath
A: breathe fire, unfitting armour, horns 1, fire resistance 1, low mp 1,
cold-blooded, AC +8
}: 1/15 runes: slimy
a: Breathe Fire, Request Jelly, Slimify, Cure Bad Mutation, Renounce Religion


You were on level 6 of the Lair of Beasts.
You worshipped Jiyva.
Jiyva was exalted by your worship.
You were not hungry.

You visited 4 branches of the dungeon, and saw 25 of its levels.
You also visited: Ossuary.

You collected 821 gold pieces.

Inventory:

Hand Weapons
 a - a +2 dagger of protection
 w - a +5 dagger of pain (weapon)
 F - the +6 shillelagh "Devastator" {shatter}
   (You found it on level 5 of the Pits of Slime)
 G - a +1 war axe of freezing
Missiles
 c - 210 stones
 i - 24 poisoned darts (quivered)
 k - 6 datura-tipped darts
 y - 5 boomerangs
 K - a throwing net
 M - 5 javelins
Armour
 J - a +1 hat (worn)
Jewellery
 g - a cursed amulet of faith (around neck)
 p - an uncursed ring of fire
 x - a +6 amulet of reflection {unknown}
 C - a +5 ring of evasion (left hand)
 P - a +4 ring of intelligence (right hand)
Wands
 n - a wand of flame (7)
 s - a wand of acid (6)
 z - a wand of iceblast (10)
 E - a wand of polymorph (8)
 I - a wand of random effects (23)
 Q - a wand of enslavement (9)
Scrolls
 e - 15 scrolls of identify
 f - 10 scrolls of remove curse
 m - a scroll of teleportation
 o - 2 scrolls of enchant armour
 q - 3 scrolls of magic mapping
 A - a scroll of blinking
 D - 2 scrolls of immolation
 L - a scroll of brand weapon {unknown}
 O - a scroll of amnesia
Potions
 b - 3 potions of lignification
 h - a potion of magic
 j - 2 potions of flight {unknown}
 l - a potion of resistance
 r - 6 potions of curing
 t - 3 potions of brilliance
 u - a potion of cancellation {unknown}
 v - a potion of haste
 B - 3 potions of berserk rage {unknown}
 H - a potion of heal wounds
 N - a potion of invisibility {unknown}
Comestibles
 d - 16 rations
 R - 2 chunks of flesh


   Skills:
 + Level 12.9 Fighting
 * Level 5.8 Short Blades
 - Level 1.0 Throwing
 + Level 11.1 Dodging
   Level 1.0 Shields
 - Level 7.0 Spellcasting
 - Level 1.0 Charms
   Level 1.0 Summonings
 - Level 9.2 Necromancy
 * Level 7.6 Evocations


You had 18 spell levels left.
You knew the following spells:

 Your Spells              Type           Power        Failure   Level  Hunger
a - Pain                  Necr           ####         1%          1    None
c - Vampiric Draining     Necr           #####.....   1%          3    ##.....
h - Regeneration          Chrm/Necr      ###.......   4%          3    ##.....
y - Animate Skeleton      Necr           N/A          1%          1    None

Your spell library contained the following spells:

 Spells                   Type           Power        Failure   Level  Hunger
 Animate Dead             Necr           N/A          2%          4    ####...
 Summon Butterflies       Summ           #.......     8%          1    None
 Sting                    Conj/Pois      #...         12%         1    None
 Swiftness                Chrm/Air       #.......     14%         2    None
 Spectral Weapon          Hex/Chrm       #.......     28%         3    ##.....
 Spider Form              Tmut/Pois      #.........   34%         3    ##.....
 Summon Ice Beast         Ice/Summ       #.......     67%         4    ####...
 Iskenderun's Battlesphe  Conj/Chrm      #.......     95%         5    #####..
 Alistair's Intoxication  Tmut/Pois      #.......     97%         5    #####..
 Ring of Flames           Chrm/Fire      #.........   100%        7    #######


Dungeon Overview and Level Annotations

Branches:
Dungeon (13/15)            Temple (1/1) D:5            Lair (6/6) D:11
 Shoals (0/4) Lair:3       Spider (0/4) Lair:3        Slime (5/5) Lair:5
    Orc (0/2) D:10        Ossuary (visited)
 Vaults: D:13-14

Altars:
Ashenzari
Cheibriados
Dithmenos
Elyvilon
Fedhas
Gozag
Hepliaklqana
Kikubaaqudgha
Nemelex Xobeh
Okawaru
Qazlal
Ru
Sif Muna
Trog
Uskayaw
Vehumet
Wu Jian
Xom
Yredelemnul
Zin
The Shining One
Jiyva

Shops:
D:6 =

Annotations:
Lair:4 3 runed translucent doors, nodrog's ghost, journeyman MiBe
Slime:3 Dissolution
Slime:5 Royal Jelly


Innate Abilities, Weirdness & Mutations

You can breathe blasts of fire.
Your fiery red scales are hard. (AC +8)
You cannot fit into any form of body armour.
Your flesh is heat resistant. (rF+)
You are cold-blooded and may be slowed by cold attacks.
You have a pair of small horns on your head.
Your magical capacity is low. (-10% MP)


Message History

The rime drake bites you.
* * * LOW HITPOINT WARNING * * *
The komodo dragon misses you. The ice encasing you melts away.
The steam dragon breathes steam at you. The ball of steam hits you. You resist.
* * * LOW HITPOINT WARNING * * *
The rime drake is engulfed in a cloud of scalding steam.
The spiny frog stings you!!
* * * LOW HITPOINT WARNING * * *
You are lethally poisoned!
The spiny frog poisons you!
You hear an angry hiss.
* * * LOW HITPOINT WARNING * * *
You feel sick.
The rime drake is engulfed in a cloud of scalding steam.
The elephant is engulfed in a cloud of scalding steam.
The komodo dragon is engulfed in a cloud of scalding steam.
The spiny frog stings you.
You die...

##..§.§§§....###
#..............##
......H<........##
....#.....P..)...### ..
#...[........#. # #.
#k.......§.§..#### #.. ...
.≈≈≈..≈≈...§?§.....######.#.#.#
#≈≈##≈≈.....§§§l....##.##......
#≈≈ .≈≈#)..#.#@k§D..#..#..#.#.#
≈≈≈P≈≈P≈≈≈≈..###FY.D............
≈≈ ≈≈≈≈≈≈≈[#.# ##D§D....#.##.#.#
. #.....§.#.#.....<
..#####.D.....P.#.#.# .....
###.......D...D .....##
#P..k...#.#k# ..$....
#..PPk.......
.......####PP...#.#.#


You could see an elephant, a komodo dragon, a spiny frog, a rime drake and 4
steam dragons.

Vanquished Creatures
  2 hydras
  A death yak (Lair:6)
  Urug (Lair:3)
  An unseen horror (D:12)
  An orb spider (Lair:3)
  2 centaur zombies (D:12)
  13 elephants
  6 spiny frogs
  A black mamba (Lair:1)
  4 komodo dragons
  A rime drake (Lair:5)
  A polar bear (Lair:4)
  A merfolk (D:10)
  A hornet (Lair:5)
  9 blink frogs
  4 hippogriffs
  A spriggan (Lair:2)
  A fire elemental (D:12)
  38 yaks
  4 basilisks
  2 steam dragons (Lair:6)
  10 water moccasins
  4 porcupines
  3 ice beasts
  5 orc warriors
  4 ogres
  A black bear (D:12)
  A phantom (D:10)
  33 wolves
  A centaur (D:11)
  10 crocodiles
  A big kobold (D:10)
  13 bullfrogs
  4 killer bees (D:11)
  3 electric eels
  A jelly (D:9)
  A lava snake (D:12)
  A bullfrog zombie (D:6)
  2 crimson imps
  8 orc wizards
  5 hounds
  2 bullfrog skeletons
  5 orc priests
  Ijyb (D:4)
  5 iguanas
  3 worker ants
  A hound zombie (D:5)
  3 mummies (Ossuary)
  3 worker ant zombies
  3 adders
  An ooze (D:2)
  An adder skeleton (D:8)
  4 adder zombies
  4 worms
  4 leopard geckos
  44 orcs
  4 giant cockroaches
  3 goblins
  8 hobgoblins
  3 jackals
  4 quokkas
  2 ball pythons
  9 bats
  4 frilled lizards
  A goblin zombie (Ossuary)
  2 hobgoblin zombies (Ossuary)
  11 kobolds
  A kobold zombie (Ossuary)
  A quokka zombie (Ossuary)
  9 rats
  A fungus (Lair:1)
  A plant (Lair:6)
354 creatures vanquished.

Vanquished Creatures (collateral kills)
  A dire elephant (Lair:1)
  An elephant (Lair:1)
  A rime drake (Lair:1)
  A water moccasin (Lair:5)
  A crocodile (Lair:5)
  A bullfrog (D:6)
  A scorpion (D:6)
  2 orc priests
  A worker ant (D:6)
  2 orcs (D:8)
  A giant cockroach (D:1)
  2 goblins (D:1)
  3 jackals
  A kobold (D:1)
  2 rats
21 creatures vanquished.

Vanquished Creatures (others)
  A two-headed ogre (D:10)
  A troll (D:12)
  A polar bear (Lair:5)
  2 slime creatures
  A blink frog (Lair:5)
  A hippogriff (D:10)
  4 yaks
  A wyvern (Lair:2)
  A hungry ghost (D:7)
  3 water moccasins
  2 necrophages
  An ogre (D:9)
  3 orc warriors
  3 wolves
  8 centaurs
  A big kobold (D:8)
  4 bullfrogs
  A killer bee (D:11)
  An electric eel (Lair:1)
  A centaur zombie (D:7)
  4 crimson imps
  2 quasits
  78 jellies
  An orc priest (D:10)
  2 centaur skeletons
  An iguana (D:6)
  4 orc wizards
  3 worker ants
  2 hound skeletons
  A howler monkey zombie (D:6)
  A worker ant zombie (D:6)
  2 adders
  A shadow imp (D:5)
  3 adder zombies
  21 orcs
  A giant cockroach (D:6)
  2 gnoll zombies (Ossuary)
  A quokka (D:9)
  3 hobgoblin zombies (Ossuary)
  7 kobolds (D:8)
  A kobold zombie (Ossuary)
  A leopard gecko zombie (D:5)
  A quokka zombie (Ossuary)
  2 rat zombies (Ossuary)
  30 fungi
  15 plants
231 creatures vanquished.

Grand Total: 606 creatures vanquished

Notes
Turn   | Place    | Note
-------+----------+-------------------------------------------
     0 | D:1      | FishyPogo the Draconian Wanderer began the quest for the
                  | Orb.
     0 | D:1      | FishyPogo set off with the following items: a +0 club, a
                  | potion of lignification, a ration; and the following spells
                  | available to memorise: Animate Skeleton, Pain, Vampiric
                  | Draining, Regeneration, Animate Dead
     0 | D:1      | Reached XP level 1. HP: 16/16 MP: 3/3
     2 | D:1      | Learned a level 1 spell: Animate Skeleton
     4 | D:1      | Learned a level 1 spell: Pain
   401 | D:1      | Reached XP level 2. HP: 23/23 MP: 5/5
  1172 | D:2      | Reached XP level 3. HP: 20/29 MP: 0/6
  1177 | D:2      | Learned a level 3 spell: Vampiric Draining
  1314 | D:2      | Reached skill level 2 in Fighting
  1420 | D:2      | Found a shadowy altar of Dithmenos.
  1687 | D:2      | Found a shattered altar of Ashenzari.
  1687 | D:2      | Found a shimmering altar of Xom.
  1794 | D:4      | Reached XP level 4. HP: 24/36 MP: 1/7
  1979 | D:3      | Reached XP level 5. HP: 30/41 MP: 2/8
  2699 | D:4      | Found a white marble altar of Elyvilon.
  2795 | D:4      | Found a basalt altar of Yredelemnul.
  2837 | D:4      | Learned a level 3 spell: Regeneration
  2930 | D:4      | Reached skill level 5 in Necromancy
  3163 | D:4      | Noticed Ijyb
  3183 | D:4      | Killed Ijyb
  3220 | D:5      | Entered Level 5 of the Dungeon
  3265 | D:5      | Reached skill level 1 in Charms
  3265 | D:5      | Reached XP level 6. HP: 23/48 MP: 0/10
  3335 | D:5      | HP: 1/48 [ogre/+0 giant club (26)]
  3452 | D:5      | Found a staircase to the Ecumenical Temple.
  3461 | Temple   | Entered the Ecumenical Temple
  3582 | Temple   | Became a worshipper of Jiyva Jitouwk the Shapeless
  3708 | D:5      | Your scales start taking on a fiery red colour.
  3708 | D:5      | Reached XP level 7. HP: 45/55 MP: 4/12
  3708 | D:5      | Gained mutation: Your flesh is heat resistant. (rF+) [Red
                  | Draconian growth]
  3724 | D:5      | Found a blossoming altar of Fedhas.
  3775 | D:5      | Reached * piety under Jiyva
  3777 | D:5      | Found a hazy altar of Hepliaklqana.
  4526 | D:6      | Reached XP level 8. HP: 11/61 MP: 7/15
  4710 | D:6      | Found Besaepaq's Jewellery Shoppe.
  4718 | D:6      | Reached skill level 5 in Spellcasting
  4771 | D:6      | Reached ** piety under Jiyva
  5051 | D:6      | Reached *** piety under Jiyva
  5186 | D:7      | Gained mutation: You are somewhat resistant to further
                  | mutation. [Jiyva's grace]
  5623 | D:7      | Found a sparkling altar of Nemelex Xobeh.
  5662 | D:7      | Found a stormy altar of Qazlal.
  5871 | D:7      | Found a sacrificial altar of Ru.
  5974 | D:8      | Found a sand-covered staircase.
  5982 | Ossuary  | Entered an ossuary
  6434 | D:8      | Reached **** piety under Jiyva
  6451 | D:1      | Gained mutation: Your body has grown golden eyes which may
                  | confuse attackers. (Acc +3) [Jiyva's grace]
  6495 | D:8      | Reached skill level 3 in Fighting
  6548 | D:8      | Lost mutation: You are somewhat resistant to further
                  | mutation. [Jiyva's grace]
  6615 | D:8      | Reached XP level 9. HP: 39/70 MP: 0/18
  6615 | D:8      | Reached ***** piety under Jiyva
  6807 | D:8      | Gained mutation: Your body has grown many golden eyes which
                  | may confuse attackers. (Acc +5) [Jiyva's grace]
  6973 | D:8      | Found a shimmering blue altar of Sif Muna.
  7113 | D:8      | Reached skill level 4 in Fighting
  7210 | D:8      | Found a basalt altar of Yredelemnul.
  7210 | D:8      | Found an iron altar of Okawaru.
  7212 | D:8      | Found a sparkling altar of Nemelex Xobeh.
  7212 | D:8      | Found a shimmering altar of Xom.
  7212 | D:8      | Found an iron altar of Okawaru.
  7454 | D:8      | Found a hide-covered altar of Uskayaw.
  7590 | D:9      | Noticed Gastronok
  7596 | D:9      | Slimified Gastronok
  7596 | D:9      | Noticed Gastronok
  7596 | D:9      | Gastronok changed into Gastronok the acid blob
  7648 | D:9      | Gained mutation: You have sharp toenails. [Jiyva's grace]
  8111 | D:9      | Found a shimmering blue altar of Sif Muna.
  8111 | D:9      | Found an ancient bone altar of Kikubaaqudgha.
  8112 | D:9      | Gained mutation: Your spells are a little harder to cast,
                  | but a little more powerful. [Jiyva's grace]
  8260 | D:10     | Entered Level 10 of the Dungeon
  8395 | D:10     | Noticed a two-headed ogre
  8396 | D:10     | Reached ****** piety under Jiyva
  8396 | D:10     | Lost mutation: You have sharp toenails. [Jiyva's grace]
  8408 | D:10     | Killed a two-headed ogre
  8408 | D:10     | Reached skill level 5 in Fighting
  8436 | D:10     | Gained mutation: You possess an exceptional clarity of
                  | mind. [Jiyva's grace]
  8651 | D:10     | Reached skill level 6 in Fighting
  8651 | D:10     | Reached skill level 5 in Dodging
  8781 | D:10     | Gained mutation: Your body sometimes deteriorates upon
                  | taking damage. [Jiyva's grace]
  8832 | D:10     | Gained mutation: Your translucent skin slightly reduces
                  | your foes' accuracy. (Stealth) [Jiyva's grace]
  8857 | D:10     | Noticed a merfolk
  8860 | D:10     | Lost mutation: Your body sometimes deteriorates upon taking
                  | damage. [Jiyva's power]
  8899 | D:10     | Killed a merfolk
  8912 | D:10     | Found a staircase to the Orcish Mines.
  9025 | D:11     | Gained mutation: You have supernaturally acute eyesight.
                  | (SInv) [Jiyva's grace]
  9076 | D:11     | Found a staircase to the Lair.
  9089 | D:11     | Gained mutation: Your spells are harder to cast, but more
                  | powerful. [Jiyva's grace]
  9180 | D:11     | Reached XP level 10. HP: 84/84 MP: 20/20
  9237 | D:11     | Reached skill level 7 in Fighting
  9279 | D:11     | Lost mutation: You possess an exceptional clarity of mind.
                  | [Jiyva's grace]
  9535 | D:12     | Noticed a two-headed ogre
  9541 | D:12     | Slimified a two-headed ogre
  9541 | D:12     | a two-headed ogre changed into a slime creature
  9567 | D:12     | Noticed an unseen horror
  9576 | D:12     | Killed an unseen horror
  9789 | D:12     | Reached skill level 8 in Fighting
  9822 | D:12     | Gained mutation: You have a small jelly attached to you
                  | that senses nearby items. [Jiyva's grace]
  9889 | D:13     | Noticed a centaur warrior
  9928 | D:13     | Noticed a centaur warrior
  9928 | D:13     | Noticed a centaur warrior
 10141 | D:13     | Noticed a tengu warrior
 10224 | Lair:1   | Entered Level 1 of the Lair of Beasts
 10519 | Lair:1   | Reached skill level 9 in Fighting
 10538 | Lair:1   | Noticed a black mamba
 10542 | Lair:1   | Killed a black mamba
 10593 | Lair:1   | Reached skill level 1 in Short Blades
 10690 | Lair:1   | Reached XP level 11. HP: 22/97 MP: 2/21
 10738 | Lair:1   | HP: 1/99 [yak (17)]
 10851 | Lair:1   | Lost mutation: Your spells are harder to cast, but more
                  | powerful. [Jiyva's grace]
 10900 | Lair:1   | Reached skill level 10 in Fighting
 11310 | Lair:2   | Noticed a five-headed hydra
 11327 | Lair:2   | Killed a five-headed hydra
 11898 | Lair:2   | Lost mutation: You have supernaturally acute eyesight.
                  | (SInv) [Jiyva's grace]
 12037 | Lair:2   | Noticed a dire elephant
 12095 | Lair:1   | Reached skill level 5 in Short Blades
 12136 | Lair:1   | Killed a dire elephant
 12136 | Lair:1   | Reached skill level 11 in Fighting
 12255 | Lair:2   | Gained mutation: Your tail ends in a poisonous barb.
                  | [Jiyva's grace]
 12402 | Lair:1   | Reached XP level 12. HP: 56/110 MP: 16/22
 12416 | Lair:2   | Reached skill level 10 in Dodging
 12611 | Lair:2   | Gained mutation: You expend magic power (3 MP) to
                  | strengthen your wands. [Jiyva's grace]
 12622 | Lair:2   | Gained mutation: Your body is covered in golden eyes which
                  | may confuse attackers. (Acc +7, SInv) [Jiyva's grace]
 12638 | Lair:2   | Gained mutation: You are robust. (+10% HP) [Jiyva's grace]
 12745 | Lair:2   | Reached skill level 1 in Evocations
 12937 | Lair:3   | Gained mutation: Your large and strong wings let you fly
                  | indefinitely. [Jiyva's grace]
 12994 | Lair:3   | Reached skill level 12 in Fighting
 13153 | Lair:3   | Gained mutation: Your translucent skin reduces your foes'
                  | accuracy. (Stealth) [Jiyva's grace]
 13179 | Lair:3   | Lost mutation: Your tail ends in a poisonous barb. [Jiyva's
                  | grace]
 13287 | Lair:3   | Noticed Urug
 13305 | Lair:3   | Killed Urug
 13305 | Lair:3   | Reached skill level 5 in Evocations
 13394 | Lair:3   | Found a staircase to the Shoals.
 13431 | Lair:3   | Lost mutation: You have a small jelly attached to you that
                  | senses nearby items. [Jiyva's grace]
 13536 | Lair:3   | Noticed a seven-headed hydra
 13543 | Lair:3   | Killed a seven-headed hydra
 13548 | Lair:3   | Gained mutation: You are agile. (Dex +2) [Jiyva's grace]
 13633 | Lair:3   | Found a hole to the Spider Nest.
 13728 | Lair:4   | Found a runed translucent gate.
 13728 | Lair:4   | Found a runed translucent gate.
 13728 | Lair:4   | Found a runed translucent gate.
 13729 | Lair:4   | Noticed a 12-headed hydra
 13731 | Lair:4   | Noticed nodrog's ghost (journeyman MiBe)
 13731 | Lair:4   | Noticed a 12-headed hydra
 14348 | Lair:4   | Lost mutation: Your translucent skin reduces your foes'
                  | accuracy. (Stealth) [Jiyva's grace]
 14629 | Lair:5   | Lost mutation: Your spells are a little harder to cast, but
                  | a little more powerful. [Jiyva's grace]
 14796 | Lair:5   | Found a staircase to the Slime Pits.
 14907 | Slime:1  | Entered Level 1 of the Pits of Slime
 14945 | Slime:1  | Noticed an acid blob
 14952 | Slime:1  | Noticed a great orb of eyes
 14956 | Slime:1  | Noticed an acid blob
 14963 | Slime:1  | Noticed an acid blob
 14975 | Slime:1  | Noticed an azure jelly
 15143 | Slime:2  | Noticed an acid blob
 15174 | Slime:2  | Noticed an acid blob
 15237 | Slime:3  | Noticed Dissolution
 15267 | Slime:3  | Noticed an azure jelly
 15342 | Slime:4  | Noticed an acid blob
 15353 | Slime:4  | Noticed an azure jelly
 15354 | Slime:5  | Entered Level 5 of the Pits of Slime
 15358 | Slime:5  | Gained mutation: Your translucent skin reduces your foes'
                  | accuracy. (Stealth) [Jiyva's grace]
 15361 | Slime:5  | Gained mutation: You are very agile. (Dex +4) [Jiyva's
                  | grace]
 15364 | Slime:5  | Lost mutation: Your body is covered in golden eyes which
                  | may confuse attackers. (Acc +7, SInv) [Jiyva's grace]
 15366 | Slime:5  | Lost mutation: You expend magic power (3 MP) to strengthen
                  | your wands. [Jiyva's grace]
 15371 | Slime:5  | Lost mutation: Your translucent skin reduces your foes'
                  | accuracy. (Stealth) [potion of mutation]
 15371 | Slime:5  | Lost mutation: You are very agile. (Dex +4) [potion of
                  | mutation]
 15371 | Slime:5  | Lost mutation: Your translucent skin slightly reduces your
                  | foes' accuracy. (Stealth) [potion of mutation]
 15371 | Slime:5  | Lost mutation: Your large and strong wings let you fly
                  | indefinitely. [potion of mutation]
 15371 | Slime:5  | Gained mutation: You tend to lose your temper in combat.
                  | [potion of mutation]
 15371 | Slime:5  | Gained mutation: Your magical capacity is low. (-10% MP)
                  | [potion of mutation]
 15371 | Slime:5  | Gained mutation: You have a pair of small horns on your
                  | head. [potion of mutation]
 15371 | Slime:5  | Lost mutation: Your body has grown many golden eyes which
                  | may confuse attackers. (Acc +5) [Jiyva's grace]
 15372 | Slime:5  | Lost mutation: Your magical capacity is low. (-10% MP)
                  | [potion of mutation]
 15372 | Slime:5  | Lost mutation: Your body has grown golden eyes which may
                  | confuse attackers. (Acc +3) [potion of mutation]
 15372 | Slime:5  | Lost mutation: You tend to lose your temper in combat.
                  | [potion of mutation]
 15372 | Slime:5  | Lost mutation: You are agile. (Dex +2) [potion of mutation]
 15372 | Slime:5  | Lost mutation: You are robust. (+10% HP) [potion of
                  | mutation]
 15372 | Slime:5  | Gained mutation: You are weak. (Str -2) [potion of
                  | mutation]
 15372 | Slime:5  | Gained mutation: You are resistant to electric shocks.
                  | (rElec) [potion of mutation]
 15373 | Slime:5  | Lost mutation: You are weak. (Str -2) [potion of mutation]
 15373 | Slime:5  | Lost mutation: You are resistant to electric shocks.
                  | (rElec) [potion of mutation]
 15373 | Slime:5  | Gained mutation: Your magical capacity is low. (-10% MP)
                  | [potion of mutation]
 15373 | Slime:5  | Gained mutation: You are agile. (Dex +2) [potion of
                  | mutation]
 15394 | Slime:5  | Noticed an azure jelly
 15429 | Slime:5  | Noticed an acid blob
 15429 | Slime:5  | Noticed an azure jelly
 15446 | Slime:5  | Noticed an azure jelly
 15476 | Slime:5  | Noticed an acid blob
 15502 | Slime:5  | Noticed an azure jelly
 15533 | Slime:5  | Noticed an acid blob
 15539 | Slime:5  | Noticed the Royal Jelly
 15541 | Slime:5  | Noticed a great orb of eyes
 15543 | Slime:5  | Found a viscous altar of Jiyva.
 15543 | Slime:5  | Noticed an azure jelly
 15544 | Slime:5  | Noticed an acid blob
 15547 | Slime:5  | Identified the Disquisition on Fiery Benedictions
 15548 | Slime:5  | Found the +6 shillelagh "Devastator" {shatter}
 15549 | Slime:5  | Noticed an acid blob
 15553 | Slime:5  | Identified the Catalogue of Supportive Toxins
 15570 | Slime:5  | Got a brightly glowing robe
 15588 | Slime:5  | Noticed a death ooze
 15627 | Slime:5  | Noticed an azure jelly
 15647 | Slime:4  | Noticed a death ooze
 15727 | Slime:5  | Got a slimy rune of Zot
 15938 | Slime:3  | Noticed an acid blob
 15940 | Slime:3  | Noticed a death ooze
 15994 | Slime:3  | Noticed an azure jelly
 16189 | Slime:2  | Noticed an azure jelly
 16293 | Slime:1  | Noticed an azure jelly
 16293 | Slime:1  | Noticed an azure jelly
 16293 | Slime:1  | Noticed an acid blob
 16319 | Slime:1  | Noticed an azure jelly
 16509 | Lair:5   | Reached XP level 13. HP: 119/119 MP: 21/21
 16849 | Lair:6   | Entered Level 6 of the Lair of Beasts
 16901 | Lair:6   | Paralysed by a hornet for 2 turns
 16930 | Lair:5   | Lost mutation: You are agile. (Dex +2) [Jiyva's grace]
 17655 | Lair:6   | HP: 4/119 [spiny frog (19)]
 17656 | Lair:6   | Slain by a spiny frog

Levels and vault maps discovered:
D:1:      lightli_arrival_lavapool, layout_basic, chequers_serial_rivers_room_a,
          dk_noncrumbling_2
D:2:      layout_rooms, gammafunk_temple_overflow_wave,
          nicolae_dithmenos_shadow_blocks, minmay_heptomino_h4
D:3:      layout_loops_cross
D:4:      layout_cave_pools, kennysheep_ying_yang, first_ration, uniq_ijyb
D:5:      layout_basic, overflow_temple_1_default, lemuel_doored_altar,
          minmay_temple_entry_drinking_statues
D:6:      layout_basic, nicolae_overflow_hidden_temple, serial_shops, shop
D:7:      layout_loops_ring, nicolae_ru_the_path_less_chosen,
          kennysheep_mini_moat, basic_altar, kennysheep_generic_room_11
D:8:      layout_basic, lemuel_coloured_pillars_altar, serial_co_window_serial,
          co_window_paths_a, co_window_paths_a, co_window_corner_a,
          co_window_paths_a, co_window_corner_a, co_window_corner_cb,
          co_window_of_opportunity_b, co_window_corner_cb,
          co_window_unsneaky_path_b, co_window_broadway_b, co_window_broadway_a,
          co_window_4corner_a, glass_columns_b, nicolae_ossuary_entry_plus,
          doesnt_xom_only_xom
D:9:      layout_cave_pods, gammafunk_temple_overflow_statue, uniq_gastronok
D:10:     layout_roguey [special_room_orc], orc_0_dummy, serial_glass,
          glass_columns_a, glass_columns_b, ebering_dispersal_statue_hall,
          hangedman_fish_farm, lemuel_flame_loot_1
D:11:     layout_rooms, lair_entry_dummy
D:12:     layout_basic
D:13:     layout_long_grid
Temple:   pf_slime_end_temple
Lair:1:   layout_roguey, serial_bayou_lake_a
Lair:2:   mu_elephants_graveyard, layout_chaotic_city
Lair:3:   layout_loops_ring, elwin_shoals_entry_rooms,
          nicolae_spider_entry_orb_guardian, grunt_forest_large_clearings,
          uniq_urug
Lair:4:   layout_regular_city, serial_forest, infiniplex_forest_straight_4,
          infiniplex_forest_straight_3, infiniplex_forest_clump_curved,
          infiniplex_forest_clump_double, infiniplex_forest_pool,
          infiniplex_forest_end_3, infiniplex_forest_clump_long,
          infiniplex_forest_clump_curved, infiniplex_forest_clump_cross,
          infiniplex_forest_lined_room_, gammafunk_ghost_hydra_chop,
          serial_bayou_pond_d
Lair:5:   statuecave_lemuel, layout_loops_ring, minmay_slime_entry_pillars,
          grunt_megastairs_4, lemuel_fruit_tree, serial_bayou_shore_b,
          serial_bayou_shore_b
Lair:6:   gammafunk_lair_ancient_temple, layout_hall_layers, st_stairs_12,
          nicolae_quartered_pool_little, bobbens_dragon_lair_wall
Slime:1:  layout_caves, nicolae_slime_phagocytosis
Slime:2:  layout_caves, cheibrodos_slime_lost_civilization_4
Slime:3:  cheibrodos_slime_lost_civilization_9, layout_caves, dissolution_awaits
Slime:4:  layout_caves
Slime:5

Skill      XL: |  1  2  3  4  5  6  7  8  9 10 11 12 |
---------------+-------------------------------------+-----
Dodging        | 2 5 8 9 11 | 11.1
Necromancy     | 3 4 5 6 7 9 |  9.2
Fighting       | 2 3 6 9 11 12 | 12.9
Spellcasting   | 3 4 6 7 |  7.0
Charms         | 1 |  1.0
Short Blades   | 2 5 |  5.8
Evocations     | 7 |  7.6
Throwing       | |  1.0
Shields        | |  1.0
Summonings     | |  1.0

Action                   |  1- 3 |  4- 6 |  7- 9 | 10-12 | 13-15 || total
-------------------------+-------+-------+-------+-------+-------++-------
Melee: Club              |    98 |       |       |       |       ||    98
       Tailslap          |    19 |    21 |    71 |   117 |    12 ||   240
       Dagger            |    39 |   143 |   502 |   704 |    61 ||  1449
       Kick              |       |       |     7 |       |       ||     7
       Headbutt          |       |       |       |     1 |    17 ||    18
Throw: Stone             |     6 |       |       |       |       ||     6
       Dart              |       |       |     1 |     6 |       ||     7
 Cast: Pain              |    61 |    39 |    55 |    41 |     3 ||   199
       Animate Skeleton  |    12 |     4 |    13 |     4 |       ||    33
       Vampiric Draining |     3 |    12 |    33 |    45 |    11 ||   104
       Regeneration      |       |       |     1 |     9 |       ||    10
Invok: Request Jelly     |       |       |    11 |     3 |     1 ||    15
       Slimify           |       |       |     3 |     3 |       ||     6
       Cure Bad Mutation |       |       |     1 |       |       ||     1
 Abil: Breathe Fire      |       |       |    33 |    63 |     7 ||   103
       Fly               |       |       |       |     1 |       ||     1
  Use: Scroll            |     4 |     8 |     4 |     4 |       ||    20
       Potion            |       |     4 |     1 |    10 |     2 ||    17
 Stab: Sleeping          |     1 |     1 |       |     5 |       ||     7
       Confused          |       |       |     2 |    27 |       ||    29
  Eat: Chunk             |     6 |     8 |     7 |       |       ||    21
Armor: Skin              |    64 |    43 |   139 |   143 |    29 ||   418
Dodge: Dodged            |   149 |   100 |   392 |   895 |   158 ||  1694
